 Dungeon Crawl Stone Soup version 0.26-a0-658-gbdda728c12 (webtiles) character file.

Game seed: 9273168815842899682

2962 luopjiggy the Severer (level 9, -1/70 HPs)
             Began as a Hill Orc Fighter on Oct 4, 2020.
             Was a Follower of Okawaru.
             Slain by a troll (8 damage)
             ... on level 9 of the Dungeon.
             The game lasted 00:11:21 (7897 turns).

luopjiggy the Severer (Hill Orc Fighter)            Turns: 7897, Time: 00:11:22

Health: -1/70      AC: 16    Str: 19    XL:     9   Next: 81%
Magic:  9/9        EV:  7    Int:  8    God:    Okawaru [*.....]
Gold:   377        SH:  9    Dex: 13    Spells: 8/8 levels left

rFire    . . .     SeeInvis .   a - +0 war axe
rCold    . . .     Faith    .   c - +0 kite shield
rNeg     . . .     Spirit   .   s - +4 plate armour
rPois    .         Reflect  .   (no helmet)
rElec    .         Harm     .   k - +0 cloak
rCorr    .         Rampage  .   (no gloves)
MR       .....                  (no boots)
Stlth    ..........             x - amulet of regeneration
HPRegen  0.61/turn              e - +4 ring of evasion
MPRegen  0.11/turn              (no ring)

@: no status effects
A: no striking features
a: Heroism, Renounce Religion


You were on level 9 of the Dungeon.
You worshipped Okawaru.
Okawaru was aware of your devotion.
You visited 2 branches of the dungeon, and saw 11 of its levels.

You collected 377 gold pieces.

Inventory:

Hand Weapons
 a - a +0 war axe (weapon)
Armour
 c - a +0 kite shield (worn)
 g - a +2 chain mail of magic resistance
 k - a +0 cloak (worn)
 s - a +4 plate armour (worn)
Jewellery
 b - an uncursed ring of resist corrosion
 e - a +4 ring of evasion (left hand)
 u - an uncursed ring of flight {unknown}
 x - an amulet of regeneration (around neck)
 y - an uncursed ring of fire {unknown}
 B - a cursed ring of teleportation {unknown}
Wands
 o - a wand of acid (14)
 t - a wand of flame (11)
Scrolls
 h - 3 scrolls of remove curse
 i - 7 scrolls of teleportation
 j - 3 scrolls of enchant weapon {unknown}
 l - a scroll of fog {unknown}
 m - a scroll of magic mapping {unknown}
 n - a scroll of immolation {unknown}
 p - 3 scrolls of fear {unknown}
 q - 3 scrolls of enchant armour {unknown}
 A - a scroll of vulnerability {unknown}
 C - a scroll of silence {unknown}
Potions
 d - a potion of cancellation {unknown}
 f - 3 potions of ambrosia {unknown}
 r - a potion of invisibility {unknown}
 v - 2 potions of might
 w - a potion of berserk rage
 z - a potion of curing
 D - a potion of resistance {unknown}


   Skills:
 - Level 3.6 Fighting
 * Level 16.2 Axes
 - Level 3.2 Armour
 - Level 3.2 Shields


You had 8 spell levels left.
You didn't know any spells.
Your spell library contained the following spells:

 Spells                   Type           Power        Failure   Level
 Shock                    Conj/Air       #...         100%        1
 Swiftness                Air            #.......     100%        2
 Static Discharge         Conj/Air       #.......     100%        3
 Airstrike                Air            #.........   100%        4
 Lightning Bolt           Conj/Air       #.........   100%        5


Dungeon Overview and Level Annotations

Branches:
Dungeon (10/15)            Temple (1/1) D:6
   Lair: D:8-11         Orc: D:9-12

Altars:
Ashenzari
Cheibriados
Elyvilon
Fedhas
Gozag
Hepliaklqana
Kikubaaqudgha
Makhleb
Nemelex Xobeh
Okawaru
Qazlal
Sif Muna
Trog
Uskayaw
Vehumet
Wu Jian
Yredelemnul
Zin
The Shining One

Annotations:
D:6 2 transporters, qdestroyer's ghost, novice DsBe


Message History

You hit the troll but do no damage.
The troll is severely wounded.
The troll bites you!
* * * LOW HITPOINT WARNING * * *
You block the troll's attack. The troll claws you but does no damage.
Your plate armour prevents you from hitting the troll.
The troll is severely wounded.
It was a potion of curing.
You feel better. The troll barely misses you.
The troll claws you but does no damage. The troll claws you.
* * * LOW HITPOINT WARNING * * *
You slash the troll!
The troll is almost dead.
The troll closely misses you. The troll barely misses you.
The troll claws you but does no damage.
You completely miss the troll.
The troll is almost dead.
The troll bites you.
* * * LOW HITPOINT WARNING * * *
The troll claws you!
You die...

.#.# ...#
#..# #..#
#..# #
#..###.#
#[)....#
#@.#
#T.......
..#######
....
####. .#
$. ..


You could see a troll.

Vanquished Creatures
  Prince Ribbit (D:5)
  Grinder (D:3)
  A vampire (D:7)
  2 orc warriors
  A sky beast (D:7)
  2 ogres
  2 phantoms (D:5)
  3 centaurs
  4 scorpions
  3 killer bees (D:7)
  2 vampire bats (D:7)
  A quasit (D:7)
  6 hounds
  A jelly (D:6)
  A bullfrog skeleton (D:7)
  5 orc priests
  A gnoll shaman (D:6)
  6 orc wizards
  2 iguanas
  5 worker ants
  A killer bee zombie (D:7)
  A hound skeleton (D:6)
  Robin (D:3)
  6 gnolls
  9 adders
  A shadow imp (D:6)
  3 white imps
  An ufetubus (D:6)
  An ooze (D:5)
  4 adder skeletons
  4 worms (D:2)
  2 dart slugs
  2 leopard geckos
  27 orcs
  2 giant cockroaches
  12 goblins
  9 hobgoblins
  A jackal (D:7)
  2 quokkas
  2 ball pythons
  12 bats
  7 frilled lizards
  A giant cockroach zombie (D:5)
  8 kobolds
  A quokka zombie (D:7)
  12 rats
182 creatures vanquished.

Vanquished Creatures (others)
  A quokka (D:2)
1 creature vanquished.

Grand Total: 183 creatures vanquished

Notes
Turn   | Place    | Note
-------+----------+-------------------------------------------
     0 | D:1      | luopjiggy the Hill Orc Fighter began the quest for the Orb.
     0 | D:1      | Reached XP level 1. HP: 19/19 MP: 1/1
   215 | D:1      | Reached skill level 3 in Axes
   400 | D:1      | Reached XP level 2. HP: 26/26 MP: 2/2
   821 | D:2      | Reached skill level 4 in Axes
   849 | D:2      | Reached XP level 3. HP: 20/31 MP: 3/3
  1248 | D:2      | Reached skill level 5 in Axes
  1314 | D:2      | Found a white marble altar of Elyvilon.
  1563 | D:2      | Reached XP level 4. HP: 39/39 MP: 4/4
  1563 | D:2      | Noticed a centaur
  1580 | D:2      | Killed a centaur
  1580 | D:2      | Reached skill level 6 in Axes
  1580 | D:2      | Reached XP level 5. HP: 5/45 MP: 5/5
  1651 | D:2      | Reached skill level 7 in Axes
  1989 | D:2      | Found a stormy altar of Qazlal.
  2363 | D:2      | Found a snail-covered altar of Cheibriados.
  2665 | D:3      | Noticed Robin
  2899 | D:3      | Killed Robin
  3062 | D:3      | Noticed Grinder
  3062 | D:3      | Noticed an ogre
  3075 | D:3      | Killed an ogre
  3075 | D:3      | Reached skill level 8 in Axes
  3075 | D:3      | Reached XP level 6. HP: 51/51 MP: 6/6
  3084 | D:3      | Killed Grinder
  3084 | D:3      | Reached skill level 9 in Axes
  3084 | D:3      | Reached XP level 7. HP: 31/57 MP: 7/7
  3258 | D:3      | Found a glowing silver altar of Zin.
  3636 | D:3      | Reached skill level 10 in Axes
  4634 | D:4      | Reached skill level 11 in Axes
  4845 | D:5      | Entered Level 5 of the Dungeon
  4876 | D:5      | Reached XP level 8. HP: 63/64 MP: 8/8
  4931 | D:5      | Noticed Prince Ribbit
  4949 | D:5      | Killed Prince Ribbit
  4949 | D:5      | Reached skill level 12 in Axes
  5297 | D:5      | Found a bloodstained altar of Trog.
  5419 | D:5      | Found a stormy altar of Qazlal.
  5931 | D:6      | Reached skill level 13 in Axes
  6214 | D:6      | Found a transporter.
  6218 | D:6      | Found a transporter.
  6219 | D:6      | Noticed qdestroyer's ghost (novice DsBe)
  6219 | D:6      | Noticed a hornet
  6310 | D:6      | Found a staircase to the Ecumenical Temple.
  6325 | D:6      | Reached skill level 14 in Axes
  6325 | D:6      | Reached XP level 9. HP: 66/70 MP: 9/9
  6328 | Temple   | Entered the Ecumenical Temple
  6342 | Temple   | Became a worshipper of Warmaster Okawaru
  7112 | D:7      | Reached skill level 15 in Axes
  7207 | D:7      | Reached * piety under Okawaru
  7448 | D:7      | Found a shimmering blue altar of Sif Muna.
  7448 | D:7      | Found a faded altar of an unknown god.
  7453 | D:7      | Found a faded altar of an unknown god.
  7455 | D:7      | Found a burning altar of Makhleb.
  7457 | D:7      | Found a radiant altar of Vehumet.
  7511 | D:7      | Found a sparkling altar of Nemelex Xobeh.
  7693 | D:8      | Found a broken altar of Ashenzari.
  7727 | D:8      | Reached skill level 16 in Axes
  7864 | D:8      | You fall into a shaft and drop 2 floors!
  7864 | D:10     | Entered Level 10 of the Dungeon
  7864 | D:10     | Noticed a troll
  7897 | D:9      | Slain by a troll

Illustrated notes

Levels and vault maps discovered:
D:1:      grunt_arrival_crossed_arrows, layout_basic, nrook_mini_backslash,
          minmay_misc_feat_x
D:2:      layout_loops_corners, old_standard_altar, elyvilon_altar_4,
          lemuel_round_altar
D:3:      layout_basic, old_standard_altar, uniq_grinder, uniq_robin
D:4:      layout_gridville
D:5:      layout_rooms, lemuel_doored_altar, kennysheep_decorative_pillar,
          nicolae_qazlal_eye_of_the_storm, uniq_prince_ribbit1
D:6:      layout_loops_ring, minmay_temple_entry_gardened_gates,
          gammafunk_ghost_hive
D:7:      layout_rooms, nemelex_xobeh_ov_fountains_minmay,
          chequers_temple_overflow_minitemple, roderic_batcave,
          hangedman_abyss_or_decor_stabs, minmay_chambers_of_fives
D:8:      layout_basic, ashenzari_conservatory_becter, marbit_many_paths,
          kennysheep_mini, nicolae_ru_the_path_less_chosen,
          erik_lair_orcish_takeover, serial_shops, kennysheep_little_box,
          minmay_manual_monolith
D:9:      layout_basic, enter_bailey_2, okawaru_trees_2, uniq_maurice
D:10:     layout_rooms, orc_0_dummy
Temple:   compressed_dpeg_triangle_lava_temple

Skill      XL: |  1  2  3  4  5  6  7  8  9 |
---------------+----------------------------+-----
Axes           | 3 4 5 6 8 9 11 14 16 | 16.2
Fighting       | |  3.6
Armour         | |  3.2
Shields        | |  3.2

Action                   |  1- 3 |  4- 6 |  7- 9 || total
-------------------------+-------+-------+-------++-------
Melee: War axe           |    85 |    99 |   479 ||   663
  Use: Potion            |     2 |     1 |     4 ||     7
       Scroll            |       |     3 |     2 ||     5
Armor: Chain mail        |    55 |    41 |    40 ||   136
       Plate armour      |       |       |   201 ||   201
       Skin              |       |       |    24 ||    24
Dodge: Dodged            |    12 |    39 |   122 ||   173
Block: Kite shield       |    36 |    48 |   204 ||   288

Table legend: (Time is in decaauts)
 A = Elapsed time spent in this place.
 B = Non-inter-level travel time spent in this place.
 C = Inter-level travel time spent in this place.
 D = Time resting spent in this place.
 E = Time spent auto-exploring this place.
 F = Levels seen in this place.
 G = Mean time per level.
                   A        B        C        D        E       F      G
               +--------+--------+--------+--------+--------+-----+--------+
         Total |   7928 |   7680 |    248 |   2291 |   4107 |  11 |  720.7 |
       Dungeon |   7673 |   7425 |    248 |   2291 |   3868 |  10 |  767.3 |
        Temple |    255 |    255 |      0 |      0 |    239 |   1 |  255.0 |
               +--------+--------+--------+--------+--------+-----+--------+

Top non-repeatable levels by time:
     D:2: 2184 daAuts
     D:3: 1264 daAuts
     D:6: 1057 daAuts
     D:1: 752 daAuts
     D:7: 742 daAuts
     D:5: 726 daAuts
     D:4: 707 daAuts
  Temple: 255 daAuts
     D:8: 210 daAuts
    D:10: 15 daAuts
     D:9: 13 daAuts
